 Dungeon Crawl Stone Soup version 0.31-a0-507-gbafd7f5274 (webtiles) character file.

Game seed: 13410814325857831931

715 jlumianski the Magician (level 8, -5/54 (58) HPs)
             Began as a Djinni Fire Elementalist on Aug 10, 2023.
             Slain by an ice beast (21 damage)
             ... on level 4 of the Dungeon.
             The game lasted 00:18:42 (3398 turns).

jlumianski the Magician (Djinni Fire Elementalist)  Turns: 3398, Time: 00:18:43

HP:   -5/54 (58)    AC:  4    Str:  7    XL:     8   Next: 1%
Gold: 172           EV: 13    Int: 20    God:
                    SH:  0    Dex: 13

rFire   + + .        o - +2 short sword (vamp)
rCold   x . .        (no shield)
rNeg    . . .        j - +1 robe {Will+}
rPois   ∞            n - +0 helmet
rElec   .            (no cloak)
rCorr   .            (no gloves)
SInv    .            (boots unavailable)
Will    +....        (no amulet)
Stlth   ++           (no ring)
HPRegen 0.29/turn    (no ring)
MPRegen 0.00/turn

%: infuse magic (-6 HP)
@: flying, drained
A: sickness immunity, fire resistance 2, cold vulnerability 1, float, innate
caster, HP casting, extra vitality 1
a: no special abilities


You were on level 4 of the Dungeon.
You visited 1 branch of the dungeon, and saw 5 of its levels.

You collected 172 gold pieces.

Inventory:

Hand Weapons
 c - a +0 dagger
 d - a +2 dagger of venom
 o - a +2 vampiric short sword (weapon)
 p - a +4 dagger
Missiles
 i - 5 curare-tipped darts
 k - 2 boomerangs
 t - 9 poisoned darts
Armour
 a - a +0 robe
 j - a +1 robe of willpower (worn)
 n - a +0 helmet (worn)
 x - a +0 cloak
Scrolls
 e - a scroll of butterflies {unknown}
 g - a scroll of enchant weapon
 h - a scroll of teleportation
 m - a scroll of blinking {unknown}
 q - a scroll of fog
 s - 2 scrolls of immolation
 w - a scroll of fear {unknown}
Potions
 b - 2 potions of heal wounds
 f - 2 potions of enlightenment
 l - 3 potions of might
 r - a potion of mutation {unknown}
 u - a potion of ambrosia {unknown}
 v - a potion of lignification {unknown}


   Skills:
 * Level 4.3 Fighting
 + Level 2.2 Short Blades
 + Level 3.5 Dodging
 + Level 3.1 Stealth
 * Level 4.5 Spellcasting
 * Level 4.5 Conjurations
 * Level 4.5 Hexes
 * Level 4.5 Summonings
 * Level 4.5 Necromancy
 * Level 4.5 Translocations
 * Level 4.5 Transmutations
 * Level 4.5 Fire Magic
 * Level 4.5 Ice Magic
 * Level 4.5 Air Magic
 * Level 4.5 Earth Magic
 * Level 4.5 Poison Magic


You knew the following spells:

 Your Spells              Type           Power      Damage    Failure   Level
a - Foxfire               Conj/Fire      88%        2x1d8     1%          1
b - Scorch                Fire           44%        2d6       2%          2
c - Volatile Blastmotes   Fire/Tloc      44%        2d13      5%          3
d - Inner Flame           Hex/Fire       22%        N/A       5%          3
e - Flame Wave            Conj/Fire      22%        2d8       19%         4
f - Kiss of Death         Conj/Necr      88%        2d12      1%          1
g - Call Imp              Summ           44%        N/A       2%          2
h - Lesser Beckoning      Tloc           44%        N/A       2%          2
Your spell library was empty.

Dungeon Overview and Level Annotations

Branches:
Dungeon (5/15)
 Temple: D:4-7

Altars:
Okawaru


Innate Abilities, Weirdness & Mutations

You are immune to sickness and miasma.
You are immune to poison.
Your flesh is very heat resistant. (rF++)
You are vulnerable to cold. (rC-)
You float through the air rather than walking.
You learn spells naturally, not from books.
Your magical power is your life essence.
You have superior vitality. (+4 MHP)


Message History

Your cerulean imp hits the orc with a -2 spear.
The ice beast attacks as you move away!
The ice beast hits you but does no damage.
Something misses your cerulean imp.
There is a stone staircase leading up here.
The orc closely misses you.
Your cerulean imp hits the ice beast but does no damage.
You fly upwards.
There is a stone staircase leading down here.
Casting: Foxfire (safe; 1% risk of failure)
Confirm with . or Enter, or press ? or * to list all spells.
You miscast Scorch.
You are very lightly contaminated with residual magic.
Nothing appears to happen.
The orc barely misses you.
Casting: Scorch (safe; 2% risk of failure)
Confirm with . or Enter, or press ? or * to list all spells.
Flames lash the orc.
You kill the orc!
Things that are here:
a +0 dagger; a +0 ring mail You start resting.
Your magical contamination has completely faded away.
You start resting.
HP restored.
There is a stone staircase leading down here.
You fly downwards.
The ice beast hits you. The ice beast freezes you!!
You feel a terrible chill! The ice beast hits you. The ice beast freezes you!
You feel a terrible chill!
There is a stone staircase leading up here.
The ice beast barely misses you.
You fly upwards.
There is a stone staircase leading down here.
Casting: Scorch (safe; 2% risk of failure)
Confirm with . or Enter, or press ? or * to list all spells.
A tiny devil pulls itself out of the air.
The ice beast barely misses you. The ice beast attacks as you move away!
The ice beast hits you.
* * * LOW HITPOINT WARNING * * *
The ice beast freezes you!!
You feel a terrible chill!
You die...

##......##..###.......#÷
#......##.###..........
##.........#.........#.
##...................##. ###
#....................##. ####.##
##..........##..........
..##..#####........#####.........
.........#.....Y...## ##........
#..........##...@...## ##........
###.........##.[.....###.........
###...........5............)....
##.......##......................
#.....##.###.....................
##......###......................
##......#####................(...
.........####....................
##...............>...............


You could see an ice beast (ally target) and a friendly cerulean imp (summoned).

Vanquished Creatures
  Sigmund (D:2)
  A phantom (D:3)
  An orc priest (D:3)
  A hound (D:4)
  2 sleepcaps (D:4)
  An iguana (D:4)
  3 orc wizards
  Robin (D:1)
  4 adders
  2 dart slugs
  10 orcs
  3 ball pythons
  6 endoplasms
  A giant cockroach (D:4)
  8 hobgoblins
  6 jackals
  6 quokkas
  4 bats
  A frilled lizard (D:1)
  10 goblins
  5 kobolds
  5 rats
82 creatures vanquished.

Vanquished Creatures (collateral kills)
  2 scorpions (D:4)
  2 orcs
  A giant cockroach (D:3)
  A goblin (D:3)
  A ball python (D:3)
7 creatures vanquished.

Vanquished Creatures (others)
  111 foxfires
111 creatures vanquished.

Grand Total: 200 creatures vanquished

Notes
Turn   | Place    | Note
-------+----------+-------------------------------------------
     0 | D:1      | jlumianski the Djinni Fire Elementalist began the quest for
                  | the Orb.
     0 | D:1      | jlumianski set off with the following spells memorised:
                  | Foxfire, Scorch, Volatile Blastmotes, Inner Flame, Flame
                  | Wave.
     0 | D:1      | Reached XP level 1. HP: 15/15 MP: 0/0
   251 | D:1      | Reached XP level 2. HP: 7/21 MP: 0/0
  1112 | D:2      | Reached XP level 3. HP: 24/26 MP: 0/0
  1112 | D:2      | Learned a level 1 spell: Kiss of Death
  1140 | D:2      | Reached skill level 1 in Fighting
  1147 | D:2      | Noticed Robin
  1186 | D:1      | Killed Robin
  1259 | D:3      | Reached XP level 4. HP: 26/32 MP: 0/0
  1411 | D:2      | Noticed Sigmund
  1454 | D:2      | Killed Sigmund
  1455 | D:2      | Reached skill level 1 in Short Blades
  1455 | D:2      | Reached XP level 5. HP: 32/39 MP: 0/0
  1455 | D:2      | Learned a level 2 spell: Call Imp
  1455 | D:2      | Reached XP level 6. HP: 37/45 MP: 0/0
  2046 | D:3      | Reached XP level 7. HP: 26/50 MP: 0/0
  2046 | D:3      | Learned a level 2 spell: Lesser Beckoning
  2592 | D:5      | Entered Level 5 of the Dungeon
  3024 | D:4      | Found an iron altar of Okawaru.
  3260 | D:5      | Reached XP level 8. HP: 51/54 MP: 0/0
  3398 | D:4      | Slain by an ice beast

Illustrated notes

Levels and vault maps discovered:
D:1:      dpeg_arrival_refuge, layout_basic
D:2:      layout_loops_ring, uniq_sigmund, uniq_robin
D:3:      layout_rooms
D:4:      layout_cave_pools, lemuel_round_altar
D:5:      layout_rooms, temple_hall

Skill      XL: |  1  2  3  4  5  6  7 |
---------------+----------------------+-----
Spellcasting   | 4 |  4.5
Conjurations   | 4 |  4.5
Hexes          | 4 |  4.5
Summonings     | 4 |  4.5
Necromancy     | 4 |  4.5
Translocations | 4 |  4.5
Transmutations | 4 |  4.5
Fire Magic     | 4 |  4.5
Ice Magic      | 4 |  4.5
Air Magic      | 4 |  4.5
Earth Magic    | 4 |  4.5
Poison Magic   | 4 |  4.5
Stealth        | 2 3 |  3.1
Fighting       | 1 2 3 4 |  4.3
Short Blades   | 1 2 |  2.2
Dodging        | 3 |  3.5

Action                     |  1- 3 |  4- 6 |  7- 9 || total
---------------------------+-------+-------+-------++-------
  Melee: Dagger            |    20 |     2 |       ||    22
         Short sword       |       |    43 |    57 ||   100
         Punch             |       |       |     1 ||     1
   Cast: Foxfire           |    31 |    13 |    23 ||    67
         Scorch            |     5 |    15 |    10 ||    30
         Call Imp          |       |     3 |     9 ||    12
         Kiss of Death     |       |       |     1 ||     1
    Use: Scroll            |       |     6 |     1 ||     7
   Stab: Sleeping          |     2 |       |     4 ||     6
         Distracted        |       |       |     2 ||     2
 Armour: Robe              |     5 |    12 |    13 ||    30
  Dodge: Dodged            |     9 |    42 |    36 ||    87

Table legend: (Time is in decaauts)
 A = Elapsed time spent in this place.
 B = Non-inter-level travel time spent in this place.
 C = Inter-level travel time spent in this place.
 D = Time resting spent in this place.
 E = Time spent auto-exploring this place.
 F = Levels seen in this place.
 G = Mean time per level.
                   A        B        C        D        E       F      G
               +--------+--------+--------+--------+--------+-----+--------+
         Total |   3405 |   3342 |     63 |    450 |   1810 |   5 |  681.0 |
       Dungeon |   3405 |   3342 |     63 |    450 |   1810 |   5 |  681.0 |
               +--------+--------+--------+--------+--------+-----+--------+

Top non-repeatable levels by time:
     D:4: 967 daAuts
     D:1: 900 daAuts
     D:3: 786 daAuts
     D:2: 701 daAuts
     D:5: 49 daAuts
